 Dungeon Crawl Stone Soup version 0.22-a0-247-gbddf880 (webtiles) character file.

6036 Azzok the Archer (level 10, -5/70 HPs)
             Began as a Gargoyle Berserker on Feb 26, 2018.
             Was an Elder of Trog.
             Slain by an orc warrior
             ... wielding a +2 war axe of chopping
              (11 damage)
             ... on level 8 of the Dungeon.
             The game lasted 00:14:59 (8490 turns).

Azzok the Archer (Gargoyle Berserker)               Turns: 8490, Time: 00:15:00

Health: -5/70      AC: 20    Str: 22    XL:     10   Next: 86%
Magic:  10/10      EV:  9    Int: 10    God:    Trog [****..]
Gold:   308        SH:  0    Dex:  9    Spells: 9/9 levels left

rFire    . . .     SeeInvis .   O - +1 scimitar (holy)
rCold    + . .     Gourm    .   (no shield)
rNeg     + . .     Faith    .   f - +0 plate armour
rPois    ∞         Spirit   .   A - +0 helmet
rElec    +         Reflect  .   B - scarf {repulsion}
rCorr    .         Harm     .   (no gloves)
MR       .....                  t - +0 pair of boots (curse)
Stlth    ..........             (no amulet)
HPRegen  0.21/turn              h - +3 ring of evasion
MPRegen  0.12/turn              M - ring of protection from cold

@: berserk cooldown, slowed, repel missiles, very slow
A: negative energy resistance 1, electricity resistance, unbreathing,
petrification resistance, rot immunity, AC +7
a: Berserk, Trog's Hand, Brothers in Arms, Renounce Religion


You were on level 8 of the Dungeon.
You worshipped Trog.
Trog was greatly pleased with you.
You were not hungry.

You visited 1 branch of the dungeon, and saw 8 of its levels.
You also visited: Ossuary.

You collected 308 gold pieces.

Inventory:

Hand Weapons
 F - a +0 shortbow
 O - a +1 scimitar of holy wrath (weapon)
 R - a +0 hand axe of flaming
Missiles
 C - 81 arrows
Armour
 f - a +0 plate armour (worn)
 t - a cursed +0 pair of boots (worn)
 A - a +0 helmet (worn)
 B - a scarf of repulsion (worn)
Jewellery
 g - an uncursed ring of fire
 h - a +3 ring of evasion (left hand)
 I - an uncursed ring of fire
 J - an uncursed ring of see invisible
 M - a ring of protection from cold (right hand)
Wands
 G - a wand of digging (16)
 L - a wand of iceblast (5)
Scrolls
 k - 3 scrolls of fear
 m - 13 scrolls of identify
 o - 3 scrolls of amnesia {unknown}
 p - 3 scrolls of teleportation {unknown}
 s - 4 scrolls of fog {unknown}
 v - 3 scrolls of random uselessness {unknown}
 w - a scroll of immolation {unknown}
 y - 4 scrolls of remove curse
 D - a scroll of enchant armour {unknown}
 H - a scroll of blinking {unknown}
 K - a scroll of magic mapping {unknown}
 P - a scroll of enchant weapon {unknown}
 Q - a scroll of summoning {unknown}
Potions
 b - a potion of berserk rage {unknown}
 d - 2 potions of haste {unknown}
 i - 6 potions of curing {unknown}
 j - 4 potions of mutation {unknown}
 l - 5 potions of heal wounds {unknown}
 n - 2 potions of cancellation {unknown}
 q - a potion of invisibility {unknown}
 r - 5 potions of flight {unknown}
 u - 2 potions of degeneration {unknown}
 x - a potion of lignification {unknown}
 z - a potion of ambrosia {unknown}
 E - 2 potions of might {unknown}
Comestibles
 c - 22 rations


   Skills:
 - Level 11.2 Fighting
 - Level 2.6 Long Blades
 + Level 12.2 Bows
 - Level 2.1 Armour
 - Level 1.5 Dodging


You had 9 spell levels left.
You didn't know any spells.

Dungeon Overview and Level Annotations

Branches:
Dungeon (8/15)             Temple (0/1) D:6
   Lair: D:8-11

Altars:
Hepliaklqana
Kikubaaqudgha
Nemelex Xobeh
Okawaru
Ru
Xom

Annotations:
D:4 Gildeon's ghost, amateur MiFi


Innate Abilities, Weirdness & Mutations

You are resistant to torment.
Your stone body is resilient. (AC +7)
You are immune to poison.
You resist negative energy. (rN+)
You are resistant to electric shocks. (rElec)
You can survive without breathing.
You are immune to petrification.
You are immune to rotting.


Message History

Your plate armour prevents you from hitting the orc priest.
The orc warrior completely misses you.
You riposte.
You hit the orc warrior.
The orc warrior is almost dead.
The orc priest misses you.
You slice the orc priest!!
You kill the orc priest!
Trog accepts your kill.
You are no longer berserk.
You are exhausted.
You feel yourself slow down.
The orc warrior hits you with a war axe of chopping.
* * * LOW HITPOINT WARNING * * *
x2 You hit the orc warrior but do no damage.
The orc warrior is almost dead.
The orc warrior barely misses you.
The quokka zombie bites you but does no damage.
You closely miss the orc warrior.
The orc warrior is almost dead.
The orc warrior hits you with a war axe of chopping!
You die...

·▒▒··· ▒·▒····▒▒▒
▒·▒$····· ▒········ ··
▒▒▒▒▒▒··▒···▒▒▒▒··
▒▒···▒··▒▒········▒
▒▒·······▒··········
▒··········▒▒o·····!
▒·<[·······Z@····$··
▒·([·····[▒▒▒·······
▒▒·····)··(oo·······
▒▒▒······▒···(·······
▒▒·······▒▒▒▒▒(▒▒▒▒···
▒▒···)····▒PP≈·(·≈·▒
··
▒·········▒P≈·(····▒ ▒
▒·········▒≈≈P·····▒
▒·▒▒······▒P≈≈··P··▒


You could see an orc warrior and a quokka zombie.

Vanquished Creatures
  A hydra (D:8)
  A two-headed ogre (D:8)
  Joseph (D:7)
  Prince Ribbit (D:5)
  2 dream sheep (D:7)
  2 yaks (D:7)
  A hungry ghost (D:7)
  Menkaure (D:7)
  Duvessa (D:7)
  An orc warrior (D:7)
  4 sky beasts
  3 ogres
  2 centaurs
  3 big kobolds
  6 bullfrogs
  Dowan (D:7)
  5 scorpions
  4 wights (D:7)
  3 howler monkeys
  3 electric eels (D:7)
  2 centaur zombies (Ossuary)
  A crimson imp (D:6)
  A jelly (D:8)
  A human zombie (Ossuary)
  A hound (D:7)
  5 orc priests
  5 orc wizards
  2 bullfrog skeletons (D:4)
  Ijyb (D:5)
  Natasha (twice) (D:3)
  4 worker ants
  3 mummies (Ossuary)
  3 hound skeletons
  A howler monkey zombie (D:5)
  14 adders
  A shadow imp (D:8)
  3 oozes
  An adder skeleton (D:7)
  7 dart slugs (D:7)
  5 leopard geckos
  22 orcs
  4 giant cockroaches
  8 goblins
  7 hobgoblins
  4 jackals
  3 quokkas
  3 ball pythons
  10 bats
  A frilled lizard (D:1)
  A goblin zombie (Ossuary)
  2 hobgoblin zombies (Ossuary)
  A jackal skeleton (D:5)
  9 kobolds
  A kobold zombie (Ossuary)
  An orc zombie (Ossuary)
  A quokka zombie (D:7)
  8 rats
195 creatures vanquished.

Vanquished Creatures (others)
  A fungus (D:4)
1 creature vanquished.

Grand Total: 196 creatures vanquished

Notes
Turn   | Place    | Note
-------+----------+-------------------------------------------
     0 | D:1      | Azzok the Gargoyle Berserker began the quest for the Orb.
     0 | D:1      | Reached XP level 1. HP: 14/14 MP: 1/1
   164 | D:1      | Reached XP level 2. HP: 20/20 MP: 2/2
   864 | D:1      | Reached XP level 3. HP: 24/24 MP: 3/3
   874 | D:1      | Reached ** piety under Trog
  1165 | D:2      | Reached skill level 5 in Fighting
  1210 | D:2      | Found a sacrificial altar of Ru.
  1309 | D:2      | Reached XP level 4. HP: 31/31 MP: 4/4
  2041 | D:3      | Reached XP level 5. HP: 36/36 MP: 5/5
  2092 | D:3      | Noticed Natasha
  2102 | D:3      | Killed Natasha
  2521 | D:3      | Noticed Natasha
  2532 | D:3      | Killed Natasha
  2532 | D:3      | Reached *** piety under Trog
  2657 | D:4      | Reached XP level 6. HP: 44/44 MP: 6/6
  2800 | D:4      | Found an ancient bone altar of Kikubaaqudgha.
  2863 | D:4      | Found a sand-covered staircase.
  2868 | Ossuary  | Entered an ossuary
  2993 | Ossuary  | Reached XP level 7. HP: 27/50 MP: 7/7
  3425 | D:4      | Found a sparkling altar of Nemelex Xobeh.
  3430 | D:4      | Noticed Gildeon's ghost (amateur MiFi)
  3504 | D:4      | Found a hazy altar of Hepliaklqana.
  4050 | D:5      | Entered Level 5 of the Dungeon
  4131 | D:5      | Noticed Prince Ribbit
  4145 | D:5      | Killed Prince Ribbit
  4145 | D:5      | Reached skill level 10 in Fighting
  4145 | D:5      | Reached XP level 8. HP: 58/58 MP: 8/8
  4275 | D:5      | Noticed Ijyb
  4287 | D:5      | Killed Ijyb
  4353 | D:5      | Reached skill level 1 in Bows
  4438 | D:5      | Reached skill level 2 in Bows
  4485 | D:5      | Reached skill level 3 in Bows
  4789 | D:5      | Reached **** piety under Trog
  4808 | D:5      | Reached skill level 4 in Bows
  4961 | D:5      | Reached XP level 9. HP: 63/64 MP: 9/9
  5048 | D:6      | Found a shimmering altar of Xom.
  5051 | D:6      | Found an iron altar of Okawaru.
  5072 | D:6      | Reached skill level 5 in Bows
  5451 | D:5      | Reached skill level 6 in Bows
  5761 | D:6      | Found a staircase to the Ecumenical Temple.
  5793 | D:7      | Noticed Joseph
  5802 | D:7      | Killed Joseph
  5802 | D:7      | Reached skill level 7 in Bows
  6111 | D:7      | Reached skill level 8 in Bows
  6472 | D:7      | Noticed Duvessa
  6473 | D:7      | Noticed Dowan
  6482 | D:7      | Killed Duvessa
  6491 | D:7      | Killed Dowan
  6495 | D:7      | Received a gift from Trog
  6545 | D:7      | Noticed Menkaure
  6552 | D:7      | Killed Menkaure
  6552 | D:7      | Reached skill level 9 in Bows
  7520 | D:7      | Reached XP level 10. HP: 59/70 MP: 10/10
  7786 | D:7      | Reached skill level 10 in Bows
  8299 | D:8      | Noticed a three-headed hydra
  8304 | D:8      | Killed a one-headed hydra
  8304 | D:8      | Reached skill level 11 in Bows
  8462 | D:8      | Noticed a two-headed ogre
  8485 | D:8      | Killed a two-headed ogre
  8485 | D:8      | Reached skill level 12 in Bows
  8490 | D:8      | Slain by an orc warrior

Vault maps used:
D:1:      sevenhm_arrival_forest_fort_small_3, solitary_fountain
D:2:      nicolae_ru_sacrificial_ziggurat
D:3:      first_ration, roderic_lattice_a, minmay_misc_feat_enclosed,
          uniq_natasha
D:4:      old_forge, marbit_many_paths, nemelex_altar_shiori, kennysheep_mini,
          enter_ossuary_2, dk_vineyard_1, serial_bayou_ford_a
D:5:      uniq_ijyb, uniq_prince_ribbit1
D:6:      chequers_temple_overflow_statue_of_worship
D:7:      kennysheep_slugbush, uniq_joseph, uniq_menkaure, uniq_duvessa
D:8:      lemuel_upstairs_altar, hangedman_ranch, grunt_dithmenos_shadows
Ossuary:  ossuary_crypta

Skill      XL: |  1  2  3  4  5  6  7  8  9 10 |
---------------+-------------------------------+-----
Fighting       | 4 5 6 7 8 10 11 | 11.2
Bows           | 4 9 12 | 12.2
Long Blades    | |  2.6
Armour         | |  2.1
Dodging        | |  1.5

Action                   |  1- 3 |  4- 6 |  7- 9 | 10-12 || total
-------------------------+-------+-------+-------+-------++-------
Melee: Falchion          |    89 |   216 |   436 |       ||   741
       Dagger            |     6 |       |       |       ||     6
       Scimitar          |       |       |    92 |   121 ||   213
       Hand axe          |       |       |       |    10 ||    10
Invok: Berserk           |       |     1 |     7 |     2 ||    10
  Use: Scroll            |       |     3 |       |       ||     3
 Stab: Sleeping          |     3 |       |       |       ||     3
  Eat: Chunk             |     1 |     7 |    20 |     3 ||    31
       Ration            |       |       |     2 |     1 ||     3
Armor: Animal skin       |    32 |       |       |       ||    32
       Ring mail         |       |    12 |       |       ||    12
       Plate armour      |       |   109 |   350 |   125 ||   584
Dodge: Dodged            |    75 |   134 |   220 |    97 ||   526
       Deflected         |       |       |    12 |     3 ||    15
       Rpst.: Falchion   |    20 |    40 |    61 |       ||   121
       Scimitar          |       |       |     3 |    30 ||    33

Table legend:
 A = Spawn XP
 B = Non-spawn XP
 C = Spawn XP percentage of total XP
 D = Spawn monster count
 E = Non-spawn monster count
 F = Spawn count percentage of total count
 G = Total turns spent on level
                    A         B        C        D         E        F      G
               +---------+---------+-------+---------+---------+-------+---------
         Total |       0 |    8624 |   0.0 |       0 |     195 |   0.0 |  8490
               +---------+---------+-------+---------+---------+-------+---------
           D:1 |       0 |      55 |   0.0 |       0 |      31 |   0.0 |  1076
           D:2 |       0 |      94 |   0.0 |       0 |      20 |   0.0 |   825
           D:3 |       0 |     161 |   0.0 |       0 |      20 |   0.0 |   679
           D:4 |       0 |     540 |   0.0 |       0 |      13 |   0.0 |  1031
           D:5 |       0 |    1352 |   0.0 |       0 |      30 |   0.0 |  1063
           D:6 |       0 |     553 |   0.0 |       0 |      11 |   0.0 |   679
           D:7 |       0 |    3141 |   0.0 |       0 |      44 |   0.0 |  2381
           D:8 |       0 |    2529 |   0.0 |       0 |      15 |   0.0 |   317
       Ossuary |       0 |     199 |   0.0 |       0 |      11 |   0.0 |   439
               +---------+---------+-------+---------+---------+-------+---------
